 Dungeon Crawl Stone Soup version 0.29-a0-791-ga0f254aafb (webtiles) character file.

Game seed: 17827263386704682741

165 LadyOphelia the Chopper (level 5, 0/48 HPs)
             Began as a Hill Orc Berserker on June 25, 2022.
             Was a Believer of Trog.
             Slain by an orc
             ... wielding a +0 vorpal hand axe
              (1 damage)
             ... on level 3 of the Dungeon on July 3, 2022.
             The game lasted 00:13:16 (3273 turns).

LadyOphelia the Chopper (Hill Orc Berserker)        Turns: 3273, Time: 00:13:17

Health: 0/48       AC:  2    Str: 22      XL:     5   Next: 46%
Magic:  5/5        EV: 12    Int:  7      God:    Trog [**....]
Gold:   87         SH:  0    Dex:  9 (10) Spells: 4/4 levels left

rFire   . . .      SeeInvis .   a - +0 hand axe
rCold   . . .      Faith    .   (no shield)
rNeg    . . .      Spirit   .   b - +0 animal skin
rPois   .          Reflect  .   (no helmet)
rElec   .          Harm     .   (no cloak)
rCorr   .          Rampage  .   (no gloves)
Will    .....                   (no boots)
Stlth   +.........              (no amulet)
HPRegen 0.16/turn               (no ring)
MPRegen 0.09/turn               (no ring)

@: no status effects
A: no striking features
a: Renounce Religion, Berserk, Trog's Hand


You were on level 3 of the Dungeon.
You worshipped Trog.
Trog was pleased with you.
You visited 1 branch of the dungeon, and saw 3 of its levels.

You collected 87 gold pieces.

Inventory:

Hand Weapons
 a - a +0 hand axe (weapon)
Armour
 b - a +0 animal skin (worn)
Scrolls
 c - a scroll of fear {unknown}
 d - a scroll of teleportation {unknown}
 e - a scroll of poison {unknown}
 f - a scroll of magic mapping {unknown}
 h - 2 scrolls of immolation
Potions
 j - 2 potions of haste


   Skills:
 * Level 5.5 Fighting
 + Level 6.0 Axes
 + Level 2.4 Armour
 - Level 1.7 Dodging
 + Level 0.7 Stealth


You had 4 spell levels left.
You didn't know any spells.
Your spell library was empty.

Dungeon Overview and Level Annotations

Branches:
Dungeon (3/15)

Altars:
Wu Jian

Shops:
D:3 *[*


Message History

Your Axes skill increases to level 6!
The orc wizard shouts!
You hit the orc.
The orc is heavily wounded.
You barely miss the orc. The orc attacks as you move away!
The orc hits you with a +0 vorpal hand axe.
The orc wizard gestures wildly while chanting.
The orc wizard flickers and vanishes!
Deactivating autopickup; reactivate with Ctrl-A.
The orc attacks as you move away! The orc hits you with a +0 dagger.
The orc attacks as you move away!
The orc hits you with a +0 vorpal hand axe.
The orc hits you with a +0 vorpal hand axe.
The orc attacks as you move away!
The orc hits you with a +0 vorpal hand axe.
The orc hits you with a +0 short sword. The orc barely misses you.
The orc hits you with a +0 dagger.
You closely miss the orc.
The orc hits you with a +0 vorpal hand axe.
You hit the orc but do no damage. The orc closely misses you.
You hit the orc but do no damage.
The orc hits you with a +0 vorpal hand axe.
You hit the orc.
The orc is severely wounded.
The orc hits you with a +0 vorpal hand axe.
* * * LOW HITPOINT WARNING * * *
x2 You closely miss the orc.
The orc is severely wounded.
The orc hits you with a +0 vorpal hand axe.
* * * LOW HITPOINT WARNING * * *
x2 You hit the orc.
The orc is almost dead.
The orc misses you.
You barely miss the orc.
The orc is almost dead.
The orc hits you with a +0 vorpal hand axe.
* * * LOW HITPOINT WARNING * * *
You die...

...#§§§≈#...........)............
...#≈.8§#.#########..............
##.#≈_§§#.# #...........##.
...#≈≈≈§#.# #..............
.#.######.# #...........##.
.#........# #.........>.#
.###......#### #..∩.........
..###........######o..........#
.∩.##...####..†>@o.o........##
.#.##..## #..#######.......#
###....#####....## #....#..#
#...∩....#.##..## #......##
#.##.......###..###.......#
#.##..##.######..##........#
####..##.## #...........#...
#......###.##..#....#....
..####.......##(###.##........


You could see 3 orcs.

Vanquished Creatures
  An ogre (D:3)
  3 adders
  3 worms
  A dart slug (D:3)
  An orc (D:3)
  3 ball pythons (D:1)
  4 endoplasms
  2 giant cockroaches (D:2)
  3 goblins
  5 hobgoblins
  2 jackals (D:2)
  A quokka (D:1)
  2 bats
  2 frilled lizards (D:2)
  4 kobolds
  5 rats
42 creatures vanquished.

Notes
Turn   | Place    | Note
-------+----------+-------------------------------------------
     0 | D:1      | LadyOphelia the Hill Orc Berserker began the quest for the
                  | Orb.
     0 | D:1      | Reached XP level 1. HP: 19/19 MP: 1/1
   190 | D:1      | Reached XP level 2. HP: 27/27 MP: 2/2
   678 | D:1      | Upgraded the game from 0.29-a0-716-gf28ee254f9 to
                  | 0.29-a0-791-ga0f254aafb
  1174 | D:2      | Reached XP level 3. HP: 24/34 MP: 3/3
  1557 | D:2      | Reached ** piety under Trog
  1789 | D:2      | Found a faded altar of an unknown god.
  1937 | D:2      | Reached XP level 4. HP: 6/41 MP: 4/4
  1938 | D:2      | HP: 2/41 [poisoned by an adder]
  2721 | D:3      | Found Plog's Assorted Antiques.
  2721 | D:3      | Noticed an ogre
  2734 | D:3      | Killed an ogre
  2735 | D:3      | Reached skill level 5 in Fighting
  2735 | D:3      | Reached skill level 5 in Axes
  2735 | D:3      | Reached XP level 5. HP: 4/48 MP: 5/5
  3041 | D:3      | Found an ornate altar of the Wu Jian Council.
  3056 | D:3      | Found Jupt's Armour Boutique.
  3062 | D:3      | Found Esidalof's Assorted Antiques.
  3245 | D:3      | Reached skill level 6 in Axes
  3273 | D:3      | HP: 1/48 [orc/+0 vorpal hand axe (4)]
  3273 | D:3      | Slain by an orc

Illustrated notes

Levels and vault maps discovered:
D:1:      erik_arrival_blinker_ship, layout_basic
D:2:      layout_loops_corners, shapermc_ecumenical_altar_venn,
          minmay_tromino_v2
D:3:      layout_rooms, general_overflow_altar, grunt_temple_overflow_open,
          serial_shops, nicolae_square_shop, shop, shop, nicolae_shop_crystal,
          gammafunk_ghost_gnarly_gnolls

Skill      XL: |  1  2  3  4  5 |
---------------+----------------+-----
Fighting       | 4 5 |  5.5
Axes           | 5 6 |  6.0
Armour         | |  2.4
Dodging        | |  1.7
Stealth        | |  0.7

Action                   |  1- 3 |  4- 6 || total
-------------------------+-------+-------++-------
Melee: Hand axe          |   101 |    44 ||   145
  Use: Potion            |       |     4 ||     4
       Scroll            |       |     2 ||     2
Armor: Animal skin       |    17 |     1 ||    18
Dodge: Dodged            |    64 |    17 ||    81

Table legend: (Time is in decaauts)
 A = Elapsed time spent in this place.
 B = Non-inter-level travel time spent in this place.
 C = Inter-level travel time spent in this place.
 D = Time resting spent in this place.
 E = Time spent auto-exploring this place.
 F = Levels seen in this place.
 G = Mean time per level.
                   A        B        C        D        E       F      G
               +--------+--------+--------+--------+--------+-----+--------+
         Total |   3282 |   3282 |      0 |    660 |   2034 |   3 | 1094.0 |
       Dungeon |   3282 |   3282 |      0 |    660 |   2034 |   3 | 1094.0 |
               +--------+--------+--------+--------+--------+-----+--------+

Top non-repeatable levels by time:
     D:2: 1752 daAuts
     D:1: 904 daAuts
     D:3: 624 daAuts
